Map: Submarine LE

Players

Trap - Winner!

  • Race: Protoss Protoss
  • Spawn Location: 11:00

Reynor

  • Race: Zerg Zerg
  • League: Master
  • Spawn Location: 5:00

Event: DreamHack SC2 Masters 2020 Fall

VOD

Have the link to the VOD?

Description

Time

  • Played on: Sept. 20, 2020, 1:07 p.m.
  • Length: 13:03

All games in this series

Show
View Real Time Build Order
Export as new Build Order

Trap Protoss - Winner!

Build Orders:  

Get SALT Encoding   

  12  0:00  Probe  
  13  0:12  Probe  
  14  0:18  Pylon  
  14  0:24  Probe (Chrono Boost)  
  15  0:36  Probe (Chrono Boost)  
  16  0:43  Gateway  
  16  0:45  Probe (Chrono Boost)  
  16  0:48  Assimilator  
  17  0:51  Probe  
  18  1:03  Probe  
  19  1:12  Pylon  
  19  1:15  Probe  
  20  1:19  Gateway  
  20  1:30  Zealot (Chrono Boost), Cybernetics Core  
  22  1:34  Probe  
  23  1:45  Pylon  
  23  1:47  Probe  
  23  1:51  Zealot (Chrono Boost)  
  26  1:57  Assimilator  
  26  2:00  Probe  
  27  2:15  Adept (Chrono Boost)  
  29  2:18  Probe, Stalker (Chrono Boost)  
  29  2:21  Warp Gate  
  32  2:30  Pylon  
  32  2:48  Adept (Chrono Boost), Probe  
  37  2:51  Adept (Chrono Boost)  
  36  3:05  Probe  
  35  3:15  Adept (Chrono Boost)  
  39  3:20  Stargate  
  39  3:21  Probe  
  39  3:22  Adept (Chrono Boost)  
  37  3:35  Probe  
  38  3:45  Pylon  
  38  3:52  Probe  
  39  4:04  Oracle (Chrono Boost)  
  39  4:05  Probe  
  43  4:10  Pylon  
  43  4:13  Pylon  
  43  4:15  Adept x2  
  47  4:31  Probe  
  47  4:36  Oracle (Chrono Boost)  
  51  4:40  Pylon  
  51  4:43  Probe  
  48  4:55  Probe  
  45  5:06  Oracle (Chrono Boost)  
  43  5:07  Probe  
  45  5:18  Adept x2  
  45  5:19  Probe  
  50  5:22  Nexus  
  50  5:24  Pylon  
  49  5:31  Nexus  
  49  5:32  Probe  
  49  5:35  Oracle  
  52  5:44  Probe  
  53  5:56  Probe  
  52  6:08  Probe  
  51  6:12  Oracle (Chrono Boost)  
  54  6:21  Probe  
  54  6:23  Robotics Facility  
  54  6:25  Assimilator  
  55  6:28  Zealot  
  55  6:29  Assimilator  
  57  6:33  Adept  
  57  6:35  Probe (Chrono Boost)  
  60  6:40  Twilight Council  
  60  6:43  Probe (Chrono Boost)  
  62  6:52  Probe x2 (Chrono Boost)  
  63  6:57  Probe (Chrono Boost)  
  63  6:58  Probe  
  65  7:09  Probe  
  65  7:10  Probe  
  65  7:13  Gateway  
  67  7:16  Shield Battery  
  67  7:18  Templar Archives, Gateway  
  67  7:22  Probe x2  
  69  7:25  Immortal (Chrono Boost)  
  73  7:32  Charge  
  73  7:34  Probe  
  73  7:35  Probe  
  69  7:46  Probe  
  69  7:47  Probe  
  69  7:49  Pylon  
  71  7:52  Pylon  
  71  7:58  Probe  
  71  8:01  Immortal (Chrono Boost)  
  71  8:02  Sentry x2  
  78  8:14  Cybernetics Core  
  78  8:17  Gateway  
  78  8:20  High Templar x2, Gateway  
  78  8:24  Archon  
  80  8:37  Warp Prism  
  82  8:49  Gateway  
  82  8:53  Gateway  
  82  8:56  Nexus  
  82  9:04  High Templar  
  82  9:05  Zealot x2, High Templar  
  82  9:06  Pylon  
  82  9:08  Pylon  
  89  9:10  Pylon  
  89  9:11  Immortal (Chrono Boost)  
  89  9:16  Pylon  
  89  9:17  Archon  
  93  9:31  Zealot x2, High Templar  
  95  9:32  Zealot  
  95  9:37  High Templar  
  103  9:42  Archon  
  103  9:46  Sentry  
  103  9:47  Sentry  
  103  9:49  Zealot  
  109  9:54  Zealot x3  
  111  10:09  Zealot x2  
  111  10:10  Zealot x3  
  82  10:36  High Templar x4  
  82  10:37  Zealot x4  
  82  10:41  Archon x2  
  98  10:44  Nexus  
  92  10:58  Zealot x2, Sentry x2  
  90  11:10  Zealot x2  
  90  11:11  Zealot x2  
  80  11:23  Zealot  
  80  11:24  Zealot x2  
  84  11:37  Warp Prism (Chrono Boost)  
  78  11:53  High Templar x4  
  84  11:54  Zealot x3  
  84  11:59  Archon  
  84  12:00  Archon  
  78  12:06  Immortal (Chrono Boost)  
  74  12:19  Shield Battery  
  70  12:26  Zealot x3, High Templar x2  
  70  12:27  Zealot x2  
  84  12:31  Shield Battery, Archon  
  87  12:45  Zealot  
  87  12:54  Zealot x2  
  87  12:55  Zealot x2  
Show
View Real Time Build Order
Export as new Build Order

Reynor Zerg 

Build Orders: Pool First 

Get SALT Encoding   

  12  0:00  Drone  
  13  0:12  Overlord  
  13  0:16  Drone  
  14  0:30  Drone x2  
  16  0:41  Spawning Pool  
  15  0:45  Drone  
  16  1:10  Drone, Hatchery  
  16  1:28  Zergling x6  
  19  1:41  Zergling x2  
  19  1:46  Hatchery  
  19  1:50  Extractor  
  18  1:55  Drone  
  19  2:04  Queen  
  19  2:06  Drone  
  22  2:13  Overlord  
  22  2:23  Zergling x2  
  22  2:29  Queen  
  25  2:32  Drone  
  26  2:37  Zergling x2  
  26  2:40  Drone  
  27  2:56  Zergling x4  
  28  3:00  Drone x2  
  28  3:01  Drone  
  29  3:09  Metabolic Boost  
  29  3:11  Drone  
  30  3:18  Zergling x4  
  30  3:20  Drone  
  30  3:29  Drone x3  
  30  3:31  Zergling x2  
  34  3:40  Zergling x2  
  35  3:43  Drone x2  
  35  3:44  Overlord  
  36  3:49  Overlord  
  36  4:01  Zergling x2  
  36  4:02  Queen  
  37  4:04  Zergling x6  
  37  4:09  Zergling x2  
  39  4:15  Drone x2  
  39  4:16  Drone, Zergling x2  
  43  4:19  Zergling x2  
  42  4:25  Overlord  
  42  4:31  Spore Crawler  
  42  4:34  Queen, Spore Crawler  
  42  4:38  Zergling x2  
  42  4:39  Zergling x2  
  43  4:47  Drone, Zergling x2  
  43  4:49  Drone  
  43  4:51  Zergling x4  
  43  4:52  Drone  
  44  5:03  Drone x2  
  44  5:10  Queen  
  46  5:18  Hatchery  
  46  5:19  Drone  
  47  5:21  Drone  
  47  5:24  Overlord  
  47  5:26  Drone  
  48  5:29  Drone x2  
  50  5:36  Roach Warren  
  49  5:45  Spore Crawler  
  49  5:47  Zergling x6  
  53  5:50  Drone x2  
  53  5:54  Drone  
  55  6:00  Drone  
  55  6:02  Drone  
  51  6:08  Drone  
  51  6:10  Drone  
  50  6:11  Drone  
  50  6:13  Drone  
  50  6:15  Extractor  
  49  6:18  Overlord  
  49  6:25  Drone x2  
  49  6:26  Drone x3  
  49  6:31  Queen  
  56  6:33  Queen  
  58  6:43  Roach x3  
  58  6:44  Roach  
  66  6:50  Roach  
  66  6:51  Roach x2  
  71  6:58  Overlord  
  71  7:00  Roach  
  73  7:08  Overlord  
  73  7:16  Queen  
  73  7:17  Drone x3  
  73  7:18  Drone x3  
  81  7:26  Lair  
  81  7:29  Overlord  
  81  7:31  Drone x3  
  81  7:34  Drone  
  83  7:37  Queen  
  79  7:46  Drone x3, Spore Crawler  
  79  7:47  Drone  
  79  7:48  Ravager x4  
  84  7:56  Zergling x10  
  83  7:58  Zergling x2  
  83  8:00  Drone  
  81  8:08  Drone  
  81  8:09  Drone x3  
  81  8:11  Drone x2  
  85  8:16  Drone x4  
  83  8:24  Overlord  
  83  8:25  Drone  
  83  8:27  Ravager x2  
  83  8:33  Drone x3  
  86  8:36  Extractor x2  
  86  8:37  Evolution Chamber  
  86  8:38  Roach  
  81  8:41  Roach x2, Extractor  
  81  8:43  Queen  
  81  8:46  Roach x2  
  81  8:48  Drone x4  
  91  8:56  Drone x2, Glial Reconstitution  
  91  8:58  Extractor  
  91  8:59  Zergling x4  
  94  9:06  Roach x2  
  98  9:12  Queen, Roach  
  98  9:14  Queen  
  98  9:16  Overlord  
  104  9:18  Roach  
  104  9:20  Overlord  
  106  9:24  Extractor  
  106  9:28  Roach x2  
  106  9:32  Overlord  
  106  9:36  Roach, Ravager  
  106  9:37  Roach x2  
  113  9:39  Hatchery  
  113  9:41  Roach x2  
  113  9:43  Roach x2  
  120  9:48  Roach  
  120  9:49  Overlord x2  
  122  9:53  Overlord  
  122  9:58  Ravager  
  122  9:59  Roach x3  
  125  10:07  Roach, Zergling x8  
  125  10:11  Roach  
  118  10:17  Roach  
  118  10:20  Roach, Zergling x2  
  110  10:28  Roach x4  
  105  10:29  Roach  
  105  10:32  Queen, Roach  
  106  10:35  Ravager x3  
  106  10:38  Roach  
  106  10:42  Queen, Roach x2  
  112  10:43  Evolution Chamber  
  115  10:50  Roach  
  115  10:55  Roach x2  
  110  11:01  Roach  
  97  11:05  Roach x2  
  97  11:10  Roach  
  81  11:14  Roach x2  
  81  11:15  Queen  
  72  11:22  Roach  
  73  11:26  Roach x2  
  73  11:32  Roach  
  75  11:35  Roach  
  73  11:44  Roach x4  
  73  11:46  Ravager x2  
  81  11:47  Roach x2, Zergling x2  
  81  11:54  Roach x2, Zergling x2  
  82  11:59  Roach  
  75  12:06  Roach  
  67  12:09  Drone  
  67  12:12  Drone  
  67  12:14  Roach  
  67  12:17  Drone  
  67  12:21  Roach  
  70  12:23  Ravager  
  70  12:25  Drone  
  72  12:31  Roach x2  
  72  12:34  Zergling x2  
  72  12:36  Zergling x2  
  78  12:41  Roach  
  78  12:42  Zergling x2  

Tags
 
Add a new tag
Caveats
  • Supply blocks, unpowered buildings, or Contaminate may cause inaccurate times.
  • Supply counts are checked every 10 seconds.